 Dungeon Crawl Stone Soup version 0.23.1-37-gaa34b87b72 (webtiles) character file.

Game seed: 14562281941784324804

348 Acheron the Shooter (level 6, -1/51 HPs)
             Began as a Ghoul Hunter on Mar 28, 2019.
             Slain by a centaur (7 damage)
             ... on level 5 of the Dungeon.
             The game lasted 00:28:25 (3374 turns).

Acheron the Shooter (Ghoul Hunter)                  Turns: 3374, Time: 00:28:25

Health: -1/51      AC:  7    Str: 16    XL:     6   Next: 60%
Magic:  5/5        EV: 12    Int:  6    God:
Gold:   148        SH:  0    Dex: 11    Spells: 5/5 levels left

rFire    + . .     SeeInvis .     - Unarmed
rCold    + . .     Gourm    .   (no shield)
rNeg     + + +     Faith    .   s - +2 leather armour {rF+}
rPois    ∞         Spirit   .   o - +1 helmet
rElec    .         Reflect  .   (no cloak)
rCorr    .         Harm     .   (no gloves)
MR       .....                  (no boots)
Stlth    +.........             (no amulet)
HPRegen  0.00/turn              y - ring of attention (curse)
MPRegen  0.09/turn              (no ring)

@: rotting
A: rotting body, claws 1, carnivore, cold resistance 1, negative energy
resistance 3, inhibited regeneration, torment resistance, unbreathing
a: no special abilities


You were on level 5 of the Dungeon.
You were not hungry.

You visited 1 branch of the dungeon, and saw 5 of its levels.

You collected 148 gold pieces.

Inventory:

Hand Weapons
 a - a +1 shortbow
 b - a +0 short sword
 m - a +0 dagger
 r - a +0 trident
Missiles
 d - 40 arrows
 e - 56 stones (quivered)
 i - 35 sling bullets
 l - 33 poisoned needles
 v - 7 curare-tipped needles
Armour
 c - a +0 leather armour
 j - a +0 scale mail
 k - a +0 ring mail
 o - a +1 helmet (worn)
 s - a +2 leather armour of fire resistance (worn)
Jewellery
 y - a cursed ring of attention (left claw)
Scrolls
 g - 3 scrolls of fear
 h - 3 scrolls of teleportation
 n - a scroll of identify
 p - 2 scrolls of enchant armour
 x - a scroll of amnesia
Potions
 t - 3 potions of curing
 u - a potion of lignification {unknown}
 w - a potion of degeneration {unknown}
 z - a potion of haste
Comestibles
 f - 9 rations
 q - 2 chunks of flesh


   Skills:
 * Level 3.0 Fighting
 + Level 1.0 Short Blades
 + Level 4.8 Bows
 * Level 1.5 Armour
 * Level 2.5 Dodging
 * Level 3.4 Stealth
 * Level 2.5 Unarmed Combat


You had 5 spell levels left.
You didn't know any spells.
Your spell library was empty.

Dungeon Overview and Level Annotations

Branches:
Dungeon (5/15)
 Temple: D:4-7

Altars:
Gozag

Annotations:
D:1 exclusion: 2 downstairs
D:2 exclusion: downstairs, Sigmund
D:4 Edmund


Innate Abilities, Weirdness & Mutations

Your body is rotting away.
You thrive on raw meat.
You are immune to poison.
You have sharp fingernails.
You are carnivorous and can eat meat at any time.
Your flesh is cold resistant. (rC+)
You are immune to negative energy. (rN+++)
You do not regenerate when monsters are visible.
You are immune to unholy pain and torment.
You can survive without breathing.


Message History

The centaur closely misses you. The orc misses you.
You barely miss the centaur.
The centaur is lightly wounded.
The quokka misses you. The centaur barely misses you.
The orc hits you but does no damage. The quokka barely misses you.
You scratch the centaur but do no damage.
The centaur is lightly wounded.
The centaur hits you. x2
* * * LOW HITPOINT WARNING * * *
The orc hits you with a +2 dagger of venom.
* * * LOW HITPOINT WARNING * * *
The quokka misses you.
You scratch the orc.
The orc is severely wounded.
The centaur hits you.
* * * LOW HITPOINT WARNING * * *
The orc hits you but does no damage. The quokka barely misses you.
The quokka bites you but does no damage.
The centaur hits you!
You die...

.##..######
#.......
.##.......###......
...........#......
#..##.#.......##
#..##...r......#
#..##..###..##.##
.............#..#
.........###..#.##
.........# ##..o@#
. .........# ###rc#
... .........#
#..###.....
.........#
#.Z(.....c.
.........#
####.......
.......... .......
##..... ..... ....


You could see a centaur, an orc, a quokka and a howler monkey skeleton.

Vanquished Creatures
  An ogre (D:4)
  2 worker ants
  Robin (D:2)
  3 gnolls (D:3)
  6 adders
  2 oozes
  3 worms
  3 dart slugs
  2 leopard geckos
  5 orcs
  7 giant cockroaches
  13 goblins
  12 hobgoblins
  6 jackals
  6 kobolds
  2 quokkas (D:2)
  8 bats
  10 frilled lizards
  11 rats
103 creatures vanquished.

Notes
Turn   | Place    | Note
-------+----------+-------------------------------------------
     0 | D:1      | Acheron the Ghoul Hunter began the quest for the Orb.
     0 | D:1      | Reached XP level 1. HP: 17/17 MP: 0/0
    41 | D:2      | Noticed Robin
   128 | D:1      | Reached XP level 2. HP: 24/24 MP: 1/1
   182 | D:2      | Reached skill level 4 in Bows
   250 | D:2      | Reached XP level 3. HP: 26/29 MP: 2/2
   330 | D:2      | Noticed Sigmund
   576 | D:3      | Reached XP level 4. HP: 31/37 MP: 3/3
   976 | D:1      | You fall through a shaft!
  1369 | D:2      | Reached XP level 5. HP: 42/42 MP: 4/4
  1562 | D:2      | Found an opulent altar of Gozag.
  1805 | D:2      | Killed Robin
  2459 | D:3      | Reached skill level 1 in Short Blades
  2663 | D:3      | Reached skill level 1 in Armour
  2715 | D:3      | Reached skill level 1 in Unarmed Combat
  2974 | D:3      | Reached XP level 6. HP: 49/50 MP: 5/5
  3048 | D:4      | Noticed Edmund
  3299 | D:5      | Entered Level 5 of the Dungeon
  3374 | D:5      | Slain by a centaur

Skill      XL: |  1  2  3  4  5  6 |
---------------+-------------------+-----
Bows           | 4 |  4.8
Dodging        | 2 |  2.5
Stealth        | 2 3 |  3.4
Short Blades   | 1 |  1.0
Armour         | 1 |  1.5
Unarmed Combat | 1 2 |  2.5
Fighting       | 3 |  3.0

Action                   |  1- 3 |  4- 6 || total
-------------------------+-------+-------++-------
Melee: Short sword       |       |   117 ||   117
       Unarmed           |       |   181 ||   181
       Trident           |       |     1 ||     1
       Punch             |       |     1 ||     1
 Fire: Shortbow          |    65 |    81 ||   146
  Use: Scroll            |       |    11 ||    11
 Stab: Sleeping          |       |     2 ||     2
  Eat: Chunk             |     6 |    24 ||    30
Armor: Leather armour    |     8 |    34 ||    42
       Ring mail         |     2 |    28 ||    30
       Scale mail        |       |    82 ||    82
Dodge: Dodged            |    19 |   191 ||   210
